 Dungeon Crawl Stone Soup version 0.31-a0-672-g7da72447bb (webtiles) character file.

Game seed: 10716563329439307498

249330 demibob the Warrior (level 19, -7/174 HPs)
             Began as a Demonspawn Chaos Knight on Sept 5, 2023.
             Was a Plaything of Xom.
             Mangled by a large slime creature (23 damage)
             ... on level 2 of the Pits of Slime.
             The game lasted 01:57:24 (33433 turns).

demibob the Warrior (Demonspawn Chaos Knight)      Turns: 33433, Time: 01:57:25

Health: -7/174     AC: 26    Str: 24    XL:     19   Next: 27%
Magic:  0/26       EV: 18    Int: 22    God:    Xom [....*.]
Gold:   889        SH:  0    Dex: 15    Spells: 16/28 levels left

rFire   . . .        a - +5 glaive of the Guard {elec, spectral, AC+5}
rCold   + . .        (shield currently unavailable)
rNeg    . . .        p - +0 swamp dragon scales
rPois   +            (helmet unavailable)
rElec   +            G - +1 cloak of Starlight {*Dazzle EV+4 Stlth--}
rCorr   +            K - +1 pair of gloves "Hatoxt" {rC+ rCorr Str+4}
SInv    .            (no boots)
Will    ++...        o - amulet of Yjasmoth {Regen+ Str+4} Stlth
                     T - +4 ring of protection
HPRegen 1.29/turn    f - ring "Elleth" {rElec rCorr Int+6}
MPRegen 0.40/turn

%: random rage (3%), guardian spirit
@: engulfed (cannot breathe), constricted
A: horns 3, rugged brown scales 3, magic shield, magic regeneration, magic link,
demonic magic 3, demonic willpower, hooves 1, berserk 1, inability to drink
after injury 2
}: 1/15 runes: decaying
a: Renounce Religion


You were on level 2 of the Pits of Slime.
You worshipped Xom.
You were a beloved toy of Xom.
You visited 6 branches of the dungeon, and saw 32 of its levels.
You also visited: Ossuary, Ice Cave and Wizlab.

You collected 4430 gold pieces.
You spent 3541 gold pieces at shops.


Innate Abilities, Weirdness & Mutations

You have a pair of large horns on your head.
You are completely covered in rugged brown scales. (AC +3, +7% HP)
When hurt, damage is shared between your health and your magic reserves.
You regenerate magic rapidly.
When low on magic, you restore magic in place of health.
Spells you cast and wands you use may paralyse nearby enemies.
You punish those that try to bend your will. (Will+)
You have large cloven feet.
You sometimes lose your temper in combat.
You sometimes lose the ability to drink potions when taking damage.


   Skills:
 - Level 18.2 Fighting
 - Level 14.0 Long Blades
 + Level 15.2 Polearms
 - Level 8.1 Armour
 - Level 12.2 Dodging
 - Level 5.1 Spellcasting
 - Level 9.4 Hexes
 - Level 8.4 Transmutations
 - Level 8.5 Poison Magic


You had 16 spell levels left.
You knew the following spells:

 Your Spells              Type           Power      Damage    Failure   Level
a - Alistair's Intoxicat  Tmut/Pois      28%        N/A       12%         5
d - Tukima's Dance        Hex            47%        N/A       1%          3
o - Olgreb's Toxic Radia  Pois           43%        N/A       4%          4

Your spell library contained the following spells:

 Spells                   Type           Power      Damage    Failure   Level
 Slow                     Hex            100%       N/A       1%          1
 Sting                    Tmut/Pois      100%       1d8       1%          1
 Confusing Touch          Hex            47%        N/A       1%          3
 Passwall                 Tmut/Erth      20%        N/A       3%          2
 Poisonous Vapours        Pois/Air       48%        N/A       3%          2
 Ignite Poison            Fire/Tmut/Pois 30%        N/A       4%          3
 Portal Projectile        Hex/Tloc       52%        N/A       6%          3
 Kiss of Death            Conj/Necr      20%        2d7       14%         1
 Sandblast                Erth           10%        2d5       14%         1
 Fulminant Prism          Conj/Hex       13%        3d8       21%         4
 Momentum Strike          Conj/Tloc      10%        3d8       22%         2
 Scorch                   Fire           10%        2d5       22%         2
 Searing Ray              Conj           10%        2d4       22%         2
 Hailstorm                Conj/Ice       5%         3d4       41%         3
 Ozocubu's Armour         Ice            5%         N/A       41%         3
 Stone Arrow              Conj/Erth      10%        3d7       41%         3
 Vampiric Draining        Necr           5%         2d6       41%         3
 Volatile Blastmotes      Fire/Tloc      10%        2d10      41%         3
 Metabolic Englaciation   Hex/Ice        13%        N/A       50%         5
 Silence                  Hex/Air        13%        N/A       50%         5
 Summon Mana Viper        Hex/Summ       26%        N/A       50%         5
 Eringya's Noxious Bog    Tmut/Pois      21%        4d6       56%         6
 Airstrike                Air            2%         2d(1-17)  82%         4
 Flame Wave               Conj/Fire      5%         2d5       82%         4
 Iskenderun's Mystic Bla  Conj/Tloc      5%         2d3       82%         4
 Manifold Assault         Tloc           5%         N/A       82%         4
 Sticky Flame             Conj/Fire      5%         2d3       82%         4
 Summon Ice Beast         Ice/Summ       5%         N/A       82%         4
 Arcjolt                  Conj/Air       2%         1d12      99%         5
 Borgnjor's Vile Clutch   Necr/Erth      2%         N/A       99%         5
 Summon Forest            Summ/Tloc      2%         N/A       99%         5
 Conjure Ball Lightning   Conj/Air       2%         3x3d6     100%        6
 Dispersal                Tloc           2%         N/A       100%        6
 Simulacrum               Ice/Necr       2%         N/A       100%        6
 Summon Cactus Giant      Summ           2%         N/A       100%        6
 Ozocubu's Refrigeration  Ice            2%         4d8       100%        7
 Summon Hydra             Summ           2%         N/A       100%        7
 Disjunction              Tloc           2%         N/A       100%        8
 Ignition                 Fire           2%         3d3       100%        8
 Fire Storm               Conj/Fire      2%         8d1       100%        9
 Polar Vortex             Ice            2%         N/A       100%        9

Inventory:

Hand Weapons
 a - the +5 glaive of the Guard (weapon) {elec, spectral, AC+5}
   (You found it in a wizard's laboratory)

   AC+5:      It affects your AC (+5).
 y - the +7 long sword of Nuinuu Havu {freeze, rC+ SInv}
   (You bought it in a shop on level 1 of the Dungeon)

   rC+:       It protects you from cold.
   SInv:      It lets you see invisible.
Missiles
 U - 2 throwing nets {=f}
Armour
 p - +0 swamp dragon scales (worn)
 w - a scarf of resistance
 z - a +1 pair of boots of rampaging
 B - the +5 robe of Night {Dark Will+ SInv}
   (You found it on level 7 of the Dungeon)

   Dark:      It shrouds the wearer in darkness, reducing the range at which
   they can see and be seen by others.
   Will+:     It increases your willpower.
   SInv:      It lets you see invisible.
 G - the +1 cloak of Starlight (worn) {*Dazzle EV+4 Stlth--}
   (You acquired it on level 8 of the Dungeon)

   *Dazzle:   It may blind those who miss an attack against the wearer in melee
   combat.
   EV+4:      It affects your evasion (+4).
   Stlth--:   It makes you much less stealthy.
 K - the +1 pair of gloves "Hatoxt" (worn) {rC+ rCorr Str+4}
   (You acquired it on level 2 of the Orcish Mines)

   Str+4:     It affects your strength (+4).
   rC+:       It protects you from cold.
   rCorr:     It protects you from acid and corrosion.
Magical Staves
 E - a staff of poison {!a}
Jewellery
 c - a ring of protection from cold
 d - an amulet of faith {!P}
 f - the ring "Elleth" (right hand) {rElec rCorr Int+6}
   (You found it in a wizard's laboratory)

   [ring of intelligence]

   Int+6:     It affects your intelligence (+6).
   rElec:     It insulates you from electricity.
   rCorr:     It protects you from acid and corrosion.
 k - an amulet of the acrobat
 o - the amulet of Yjasmoth (around neck) {Regen+ Str+4}
   (Xom gifted it to you on level 5 of the Dungeon)

   [amulet of regeneration]

   Str+4:     It affects your strength (+4).
   Regen+:    It increases your rate of health regeneration.
 v - a ring of see invisible
 F - a ring of protection from fire
 H - a ring of protection from cold
 L - a ring of flight
 M - a ring of magical power
 S - an amulet of magic regeneration
 T - a +4 ring of protection (left hand)
Wands
 b - a wand of flame (18)
 e - a wand of mindburst (45)
 m - a wand of charming (41)
 O - a wand of polymorph (13)
 R - a wand of iceblast (5)
 X - a wand of digging (5)
Scrolls
 i - a scroll of poison
 l - 3 scrolls of torment
 q - 7 scrolls of teleportation {@r2}
 t - 18 scrolls of identify {@r1}
 C - 3 scrolls of fear
 D - a scroll of brand weapon
 J - 3 scrolls of enchant armour
 P - a scroll of vulnerability
 Q - 4 scrolls of immolation
Potions
 g - 4 potions of brilliance
 h - 3 potions of resistance
 n - 3 potions of magic
 x - 4 potions of curing {@q1}
 A - a potion of cancellation
 N - a potion of enlightenment
 Z - 5 potions of ambrosia
Miscellaneous
 j - a phial of floods (inert)
 u - a lightning rod (4/4)

Dungeon Overview and Level Annotations

Branches:
Dungeon (15/15)            Temple (0/1) D:5            Lair (5/5) D:10
  Swamp (4/4) Lair:2        Snake (0/4) Lair:2        Slime (2/5) Lair:4
    Orc (2/2) D:11            Elf (0/3) Orc:2        Vaults (4/5) D:13
  Crypt (0/3) Vaults:2     Depths (0/4) D:15        Ossuary (visited)
  IceCv (visited)          WizLab (visited)

Altars:
Ashenzari
Cheibriados
Dithmenos
Kikubaaqudgha
Okawaru
Sif Muna
Wu Jian
Xom

Shops:
D:1 **:   Orc:1 ?   Orc:2 ?[[:   Vaults:4 !(

Portals:
Trove: Vaults:2 (give +3 storm dragon scales)

Annotations:
Abyss:1 Harold, Jeremiah, Josephine, Rupert

#J..#....###
.##...#......
# ............
.. . .........
...
.........#....
.##.#........
......JJ~~#
..J...J@~J#
....#.JJJ~.# .
#...~.~#....
........# ...
........... .
##........#.
#......####.
.....##. ##


You could see 2 formless jellyfish, a very large slime creature, a large slime
creature, 3 slime creatures and 2 quicksilver oozes.


Message History

The large slime creature misses you. The slime creature misses you.
Unknown command.
Enter note: dead Unknown command.
Press: ? - help, v - describe, . - travel A stone staircase leading up, spattered with blood.
Unknown command.
Aim the phial where?
Press: ? - help, Shift-Dir - straight line, f - formless jellyfish
Aim: a formless jellyfish (constricting you)
The torrent of water hits the formless jellyfish.
The formless jellyfish is lightly wounded.
The formless jellyfish loses its grip on you.
The formless jellyfish is knocked back by the torrent of water.
The wave splashes down.
* * * LOW HITPOINT WARNING * * *
Your lungs strain for air!
The quicksilver ooze hits you.
The quicksilver ooze hits you but does no damage.
The formless jellyfish stings you.
* * * LOW HITPOINT WARNING * * *
You shrug off the repeated paralysis!
The formless jellyfish grabs you. The formless jellyfish constricts you.
* * * LOW HITPOINT WARNING * * *
A slime creature comes into view.
The very large slime creature completely misses you.
The slime creature hits you but does no damage. x2
The large slime creature hits you!!
You die...
Xom cackles wildly!

Skill      XL: |  1  2  3  4  5  6  7  8  9 10 11 12 13 14 15 16 17 18 19 |
---------------+----------------------------------------------------------+-----
Polearms       | 3 8 14 15 | 15.2
Fighting       | 4 5 6 10 13 15 17 18 | 18.2
Long Blades    | 1 3 5 7 9 12 13 14 | 14.0
Dodging        | 1 6 10 11 12 | 12.2
Poison Magic   | 1 7 8 |  8.5
Spellcasting   | 5 |  5.1
Hexes          | 8 9 |  9.4
Transmutations | 6 8 |  8.4
Armour         | 5 8 |  8.1

Action                     |  1- 3 |  4- 6 |  7- 9 | 10-12 | 13-15 | 16-18 | 19-21 || total
---------------------------+-------+-------+-------+-------+-------+-------+-------++-------
  Melee: Spear             |   136 |   120 |       |       |       |       |       ||   256
         Kick              |       |    15 |    44 |       |       |   489 |    44 ||   592
         Long sword        |       |    51 |   226 |   741 |  1354 |  1053 |       ||  3425
         Headbutt          |       |    10 |    50 |   162 |   356 |   337 |    24 ||   939
         Punch             |       |       |     2 |    11 |    21 |    14 |       ||    48
         Glaive            |       |       |       |       |       |   221 |   103 ||   324
   Cast: Olgreb's Toxic Ra |       |       |       |     1 |    66 |    88 |     1 ||   156
         Tukima's Dance    |       |       |       |       |     3 |       |       ||     3
         Alistair's Intoxi |       |       |       |       |     1 |     5 |       ||     6
  Evoke: Wand              |       |     2 |     8 |    11 |    15 |     7 |     6 ||    49
         Lightning rod     |       |       |       |       |     8 |     3 |       ||    11
         Phial of floods   |       |       |       |       |       |       |     1 ||     1
    Use: Scroll            |     2 |     6 |     5 |    13 |    14 |    18 |     1 ||    59
         Potion            |       |     2 |     3 |     4 |     7 |    18 |     4 ||    38
   Stab: Petrified         |       |     3 |       |       |     5 |     3 |       ||    11
         Sleeping          |       |       |     2 |       |       |     1 |       ||     3
         Distracted        |       |       |       |     3 |       |       |     4 ||     7
         Invisible         |       |       |       |    28 |    50 |    42 |       ||   120
         Paralysed         |       |       |       |     1 |    44 |    50 |     1 ||    96
         Confused          |       |       |       |     2 |     2 |     3 |       ||     7
         Petrifying        |       |       |       |       |       |     1 |       ||     1
 Armour: Leather armour    |    51 |    95 |   178 |       |       |       |       ||   324
         Robe              |       |       |     5 |   234 |   545 |   251 |       ||  1035
         Swamp dragon scal |       |       |       |       |       |   738 |   103 ||   841
         Skin              |       |       |       |       |       |     4 |       ||     4
  Dodge: Dodged            |    74 |    73 |   126 |   458 |  1006 |  1328 |   105 ||  3170

Levels and vault maps discovered:
D:1:      minmay_arrival_shoal_huts, layout_loops_corners, serial_shops, shop,
          nicolae_shop_waterfront, shop, minivault_25
D:2:      minmay_alternating_diamond, layout_basic, basic_altar,
          kennysheep_generic_room_16
D:3:      layout_rooms, minmay_door_square, minmay_close_crescents, uniq_robin
D:4:      layout_cave_pods
D:5:      layout_rooms, minmay_temple_entry_junction_2, kennysheep_windowed_goal
D:6:      lemuel_slime, layout_basic, minmay_unpleasant_kobolds
D:7:      layout_rooms, tgw_xom, jmf_multi_god_temple2,
          hellmonk_guarded_unrand_night, uniq_maggie
D:8:      layout_rooms, gup_ossuary_entry_pyramid, uniq_joseph, uniq_jeremiah,
          uniq_maurice, uniq_grum
D:9:      layout_loops_cross, grunt_temple_overflow_cloverleaf, serial_ice,
          serial_ice_i, serial_ice_h, serial_ice_n, serial_ice_c
D:10:     layout_irregular_city, dpeg_lair_monsters, minivault_7
D:11:     layout_big_octagon, hiddenorc2_lemuel, serial_demonic,
          serial_demonic_b, serial_demonic_d, serial_demonic_d,
          serial_demonic_e, serial_demonic_d, serial_demonic_g,
          serial_demonic_a, serial_demonic_e, okawaru_metal_pillars_1_2,
          uniq_snorg, uniq_josephine
D:12:     layout_gridville, kennysheep_path_1, nicolae_kite_square_tiling_tiny,
          minmay_misc_feat_square
D:13:     layout_basic, erik_vaults_2
D:14:     nicolae_hitomezashi [nicolae_hito_row, nicolae_hito_row,
          nicolae_hito_row, nicolae_hito_row, nicolae_hito_row,
          nicolae_hito_row, nicolae_hito_row, nicolae_hito_row,
          nicolae_hito_row, nicolae_hito_row, nicolae_hito_row,
          nicolae_hito_row, nicolae_hito_row, nicolae_hito_row,
          nicolae_hito_row, nicolae_hito_row, nicolae_hito_row,
          nicolae_hito_row], layout_loops_cross, cheibrodos_ashenzari_chains,
          uniq_kirke
D:15:     gammafunk_depths_entry_grave, layout_stronghold,
          chequers_serial_rivers_micro_d, portal_ice_cave_entry_frozen_things,
          uniq_rupert
Lair:1:   lemuel_ratsnest, layout_cave_pods, uniq_amaemon, uniq_harold,
          uniq_erica
Lair:2:   layout_cave_pods, swamp_mist, minmay_snake_entry_six_corridors,
          serial_bayou_pond_e, st_stairs_10, guppyfry_lair_drakes
Lair:3:   layout_regular_city, grunt_megastairs_4
Lair:4:   layout_loops_ring, minmay_slime_entry_oklob_open, basic_altar,
          hibernation_bobbens
Lair:5:   evilmike_catoblepas_cave, layout_gridlike, grunt_megastairs_3,
          lemuel_fruit_fields
Swamp:1:  layout_falls_marsh, evilmike_swamp_ruin_house_4
Swamp:2:  layout_falls_marsh, serial_swamp_ruin, evilmike_swamp_ruin_house_6,
          hangedman_swamp_ruin_hall, cheibrodos_swamp_pet_leeches
Swamp:3:  layout_falls_marsh, evilmike_swamp_ruin_house_5
Swamp:4:  swamp, layout_basic_swamp, swamp_pool1
Slime:1:  layout_caves
Slime:2:  layout_caves, nicolae_slime_welcoming_committee
Orc:1:    orc_temple, layout_caves, basic_altar, serial_shops, shop,
          lemuel_statue_altar
Orc:2:    st_orc_town, layout_caves, uniq_jorgrun
Vaults:1: mu_enter_wizlab_5, nicolae_vaults_diamond_2, hangedman_vaults_nails,
          nicolae_vaults_network_star, nicolae_vaults_little_squares_5,
          vaults_room_fours, nicolae_vaults_wrenched, ontoclasm_vaults_idyll,
          grunt_vaults_twisty, ontoclasm_vaults_eye,
          nicolae_vaults_trapezoid_layered, layout_vaults_ring
Vaults:2: minmay_crypt_entry_simple_walls,
          vaults_standard_mumra_enter_the_diamond, hangedman_vaults_restitches,
          vaults_dpeg_emergency_exit, v_misc_9, layout_vaults_omnigrid,
          nicolae_trove_entry_crossroad
Vaults:3: hangedman_vaults_capsules, v_misc_26, ontoclasm_vaults_spin,
          nicolae_vaults_network_square, v_misc_17,
          nicolae_vaults_little_squares_1, vaults_room_large_hall,
          hangedman_vaults_variations, nicolae_vaults_heart-shaped_vault,
          nicolae_vaults_trapezoid_layered, nicolae_vaults_tetromino_T_1,
          layout_vaults_maze_snakey
Vaults:4: nicolae_vaults_trapezoid_lopsided_4, vaults_room_hallway,
          hangedman_vaults_slice, nicolae_vaults_stepped_doors, v_misc_13,
          nicolae_vaults_tetromino_L_1, nicolae_vaults_doubleplus_tesselated,
          vaults_dpeg_diagonal, serial_ice_b, hangedman_vaults_stagger,
          nicolae_vaults_gold_heap, v_misc_27, nicolae_vaults_apartment_2,
          layout_vaults_omnicross, serial_shops, shop, nicolae_shop_statue_plus

Notes
Turn   | Place    | Note
-------+----------+-------------------------------------------
     0 | D:1      | demibob the Demonspawn Chaos Knight began the quest for the
                  | Orb.
     0 | D:1      | Reached XP level 1. HP: 18/18 MP: 1/1
    34 | D:1      | Reached skill level 3 in Polearms
   110 | D:1      | XOM: divination: magic mapping
   141 | D:1      | Found Ubaegoc's General Store.
   250 | D:1      | XOM: potion effect (haste)
   254 | D:1      | Gained mutation: You regenerate magic rapidly. [demonic
                  | ancestry]
   254 | D:1      | Reached XP level 2. HP: 22/24 MP: 2/2
   282 | D:1      | Found Reckef Hanu's Assorted Antiques.
   600 | D:1      | Found Vison's Book Boutique.
   743 | D:1      | XOM: cloud trail
   875 | D:1      | XOM: scenery: create altars
   943 | D:2      | Found an ornate altar of the Wu Jian Council.
  1026 | D:2      | Gained mutation: Spells you cast may paralyse adjacent
                  | enemies. [demonic ancestry]
  1026 | D:2      | Reached XP level 3. HP: 23/29 MP: 3/3
  1077 | D:2      | XOM: fog
  1087 | D:2      | Reached skill level 4 in Fighting
  1354 | D:2      | Reached XP level 4. HP: 33/38 MP: 4/4
  1449 | D:2      | XOM: god gift: wand of iceblast (3)
  1595 | D:2      | XOM: scenery: summon butterflies
  1622 | D:2      | Reached skill level 5 in Fighting
  1711 | D:2      | XOM: give mutation
  1711 | D:2      | Gained mutation: You have sharp toenails. [Xom's grace]
  1994 | D:3      | Reached skill level 1 in Long Blades
  2064 | D:3      | XOM: summons 2 friendly demons
  2075 | D:3      | Gained mutation: You have a pair of small horns on your
                  | head. [demonic ancestry]
  2075 | D:3      | Reached XP level 5. HP: 44/44 MP: 5/5
  2078 | D:3      | Reached skill level 2 in Long Blades
  2238 | D:3      | Noticed Robin
  2249 | D:3      | Killed Robin
  2547 | D:1      | Bought a +0 long sword of distortion for 117 gold pieces
  2764 | D:4      | XOM: smoke on damage
  2899 | D:4      | Reached skill level 3 in Long Blades
  3171 | D:4      | Noticed a black bear
  3174 | D:4      | Killed a black bear
  3175 | D:4      | Gained mutation: You have a pair of horns on your head.
                  | [demonic ancestry]
  3175 | D:4      | Reached XP level 6. HP: 51/51 MP: 6/6
  3257 | D:4      | Reached skill level 4 in Long Blades
  3289 | D:4      | XOM: god gift: +4 trident of protection
  3656 | D:5      | Entered Level 5 of the Dungeon
  3754 | D:5      | Identified the amulet of Yjasmoth {Regen+ Str+4} (Xom
                  | gifted it to you on level 5 of the Dungeon)
  3754 | D:5      | XOM: god gift: amulet of Yjasmoth {Regen+ Str+4}
  3816 | D:5      | Reached skill level 5 in Long Blades
  3820 | D:5      | Gained mutation: When hurt, damage is shared between your
                  | health and your magic reserves. [demonic ancestry]
  3820 | D:5      | Reached XP level 7. HP: 36/56 MP: 7/7
  4067 | D:5      | Reached skill level 6 in Long Blades
  4122 | D:5      | Found a staircase to the Ecumenical Temple.
  4216 | D:5      | XOM: divination: magic mapping
  4371 | D:6      | XOM: chaos cloud
  4580 | D:6      | Reached skill level 7 in Long Blades
  4585 | D:6      | Reached XP level 8. HP: 60/62 MP: 6/8
  4676 | D:6      | XOM: noise
  4686 | D:6      | XOM: scenery: summon butterflies
  4713 | D:6      | Reached skill level 8 in Long Blades
  4873 | D:6      | Reached skill level 9 in Long Blades
  4909 | D:6      | Noticed a slime creature
  4914 | D:6      | XOM: confuse monster(s)
  4921 | D:6      | XOM: potion effect (brilliance)
  4926 | D:6      | Banished a slime creature
  4934 | D:6      | Gained mutation: You have a pair of large horns on your
                  | head. [demonic ancestry]
  4934 | D:6      | Reached XP level 9. HP: 59/68 MP: 7/9
  4973 | D:6      | XOM: divination: magic mapping
  5063 | D:7      | Reached skill level 10 in Long Blades
  5242 | D:1      | Bought a jewelled long sword for 178 gold pieces
  5242 | D:1      | Identified the +7 long sword of Nuinuu Havu {freeze, rC+
                  | SInv} (You bought it in a shop on level 1 of the Dungeon)
  5339 | D:5      | XOM: give mutations
  5339 | D:5      | Gained mutation: Your flesh is heat resistant. (rF+) [Xom's
                  | grace]
  5339 | D:5      | Gained mutation: Your system is resistant to poisons.
                  | (rPois) [Xom's grace]
  5339 | D:5      | Gained mutation: Your flesh is very heat resistant. (rF++)
                  | [Xom's grace]
  5339 | D:5      | Gained mutation: You are strong-willed. (Will+) [Xom's
                  | grace]
  5467 | D:6      | XOM: god gift: +0 pair of boots of rampaging
  5531 | D:7      | XOM: cleaving
  5537 | D:7      | XOM: chaos cloud
  5791 | D:7      | XOM: summons 2 friendly demons
  5872 | D:7      | Found a large runed translucent door.
  5872 | D:7      | Found a large runed translucent door.
  5903 | D:7      | XOM: confuse monster(s)
  5905 | D:7      | Noticed Maggie
  5907 | D:7      | XOM: smoke on damage
  5910 | D:7      | XOM: give mutations
  5910 | D:7      | Lost mutation: You have sharp toenails. [Xom's grace]
  5910 | D:7      | Gained mutation: You have large cloven feet. [Xom's grace]
  5910 | D:7      | Gained mutation: You have sharp fingernails. [Xom's grace]
  5916 | D:7      | Killed Maggie
  5917 | D:7      | Reached skill level 11 in Long Blades
  5931 | D:7      | XOM: god gift: 5 stones
  6162 | D:7      | XOM: enchant monster (good)
  6181 | D:7      | Reached skill level 12 in Long Blades
  6183 | D:7      | XOM: potion effect (heal wounds)
  6229 | D:7      | Found the +5 robe of Night {Dark Will+ SInv}
  6581 | D:7      | Found a shimmering altar of Xom.
  6669 | D:7      | Found a snail-covered altar of Cheibriados.
  6675 | D:7      | Reached skill level 1 in Dodging
  6682 | D:7      | Found a shadowy altar of Dithmenos.
  6688 | D:7      | Gained mutation: You are partially covered in rugged brown
                  | scales. (AC +1, +3% HP) [demonic ancestry]
  6688 | D:7      | Reached XP level 10. HP: 68/76 MP: 10/10
  6864 | D:8      | Reached skill level 2 in Dodging
  6871 | D:8      | Noticed Grum
  6882 | D:8      | XOM: scenery: create altars
  6887 | D:8      | Killed Grum
  6973 | D:8      | Noticed Maurice
  6979 | D:8      | Killed Maurice
  6980 | D:8      | Reached skill level 3 in Dodging
  7019 | D:8      | Found a sand-covered staircase.
  7026 | Ossuary  | Entered an ossuary
  7027 | Ossuary  | XOM: silly message
  7090 | Ossuary  | Reached skill level 4 in Dodging
  7099 | Ossuary  | XOM: draining
  7113 | Ossuary  | XOM: give mutation
  7113 | Ossuary  | Gained mutation: Your natural rate of healing is unusually
                  | fast. [Xom's mischief]
  7133 | Ossuary  | Reached skill level 13 in Long Blades
  7149 | Ossuary  | XOM: noise
  7163 | Ossuary  | XOM: noise
  7233 | Ossuary  | XOM: give mutations
  7233 | Ossuary  | Lost mutation: You have sharp fingernails. [Xom's mischief]
  7233 | Ossuary  | Gained mutation: You are agile. (Dex +4, Str/Int -1) [Xom's
                  | mischief]
  7233 | Ossuary  | Lost mutation: Your natural rate of healing is unusually
                  | fast. [Xom's mischief]
  7251 | Ossuary  | XOM: give mutation
  7251 | Ossuary  | Lost mutation: You are agile. (Dex +4, Str/Int -1) [Xom's
                  | mischief]
  7304 | D:8      | Identified a scroll of acquirement
  7304 | D:8      | Acquired the +1 cloak of Starlight {*Dazzle EV+4 Stlth--}
  7304 | D:8      | Found the +1 cloak of Starlight {*Dazzle EV+4 Stlth--}
  7383 | D:8      | Noticed a two-headed ogre
  7390 | D:8      | XOM: smoke on damage
  7391 | D:8      | Killed a two-headed ogre
  7392 | D:8      | Reached skill level 5 in Dodging
  7489 | D:8      | Noticed Joseph
  7489 | D:8      | Noticed Jeremiah
  7492 | D:8      | Joseph changed into Joseph the golden eye
  7492 | D:8      | Noticed Joseph
  7492 | D:8      | XOM: polymorph Joseph -> Joseph the golden eye
  7493 | D:8      | XOM: 4-stop teleportation journey
  7610 | D:8      | Killed Joseph the golden eye
  7611 | D:8      | XOM: confuse monster(s)
  7615 | D:8      | Banished Jeremiah
  7626 | D:8      | XOM: god gift: staff of death
  7650 | D:9      | XOM: cleaving
  7690 | D:9      | XOM: fog
  7742 | D:9      | Reached skill level 6 in Dodging
  7742 | D:9      | Gained mutation: Spells you cast may paralyse nearby
                  | enemies. [demonic ancestry]
  7742 | D:9      | Reached XP level 11. HP: 81/81 MP: 11/11
  7805 | D:9      | XOM: enchant monster (good)
  7866 | D:9      | Found an ancient bone altar of Kikubaaqudgha.
  7869 | D:9      | XOM: divine lightning
  8023 | D:9      | XOM: cast spell 'Disjunction'
  8230 | D:9      | Identified the +1 chain mail of Quzy {Will+ Regen+ Int+4
                  | Dex-2}
  8242 | D:9      | Found a broken altar of Ashenzari.
  8579 | D:10     | Entered Level 10 of the Dungeon
  8613 | D:10     | XOM: enchant monster (good)
  8629 | D:10     | Reached skill level 14 in Long Blades
  8631 | D:10     | Reached skill level 7 in Dodging
  8678 | D:10     | Noticed a two-headed ogre
  8684 | D:10     | Found a staircase to the Lair.
  8684 | D:10     | Noticed a death yak
  8684 | D:10     | XOM: 2-stop teleportation journey
  8807 | D:10     | Reached skill level 8 in Dodging
  8872 | D:10     | Noticed a death yak
  8882 | D:10     | Killed a death yak
  8888 | D:10     | Noticed a death yak
  8897 | D:10     | Banished a death yak
  8898 | D:10     | Reached skill level 9 in Dodging
  8904 | D:10     | XOM: fake destruction
  8905 | D:10     | XOM: swap monsters
  8906 | D:10     | XOM: divination: detect creatures
  8917 | D:10     | XOM: summons friendly white imp
  8935 | D:10     | XOM: enchant monster (bad)
  8936 | D:10     | Killed a death yak
  8985 | D:10     | XOM: 1-stop teleportation journey
  9129 | D:10     | Noticed a two-headed ogre
  9139 | D:10     | Killed a two-headed ogre
  9140 | D:10     | Reached skill level 10 in Dodging
  9158 | D:10     | XOM: 2-stop teleportation journey
  9203 | D:10     | XOM: 2-stop teleportation journey
  9412 | D:10     | XOM: divination: magic mapping
  9421 | D:10     | Killed a two-headed ogre
  9499 | D:10     | Learned a level 4 spell: Olgreb's Toxic Radiance
  9542 | Lair:1   | Entered Level 1 of the Lair of Beasts
  9554 | Lair:1   | Noticed Harold
  9556 | Lair:1   | XOM: summons friendly quasit
  9559 | Lair:1   | Banished Harold
  9560 | Lair:1   | Reached skill level 1 in Poison Magic
  9560 | Lair:1   | Gained mutation: You are mostly covered in rugged brown
                  | scales. (AC +2, +5% HP) [demonic ancestry]
  9560 | Lair:1   | Reached XP level 12. HP: 81/90 MP: 12/12
  9619 | Lair:1   | Noticed Erica
  9629 | Lair:1   | XOM: swap monsters
  9633 | Lair:1   | Killed Erica
  9634 | Lair:1   | Reached skill level 2 in Poison Magic
  9659 | Lair:1   | Reached skill level 3 in Poison Magic
  9660 | Lair:1   | XOM: noise
  9774 | Lair:1   | Noticed Amaemon
  9779 | Lair:1   | Killed Amaemon
  9780 | Lair:1   | Reached skill level 11 in Dodging
  9780 | Lair:1   | Reached skill level 4 in Poison Magic
 10111 | Lair:1   | Noticed a death yak
 10111 | Lair:1   | Noticed a death yak
 10111 | Lair:1   | Noticed a death yak
 10135 | Lair:1   | Killed a death yak
 10140 | Lair:1   | Banished a death yak
 10141 | Lair:1   | Reached skill level 5 in Poison Magic
 10149 | Lair:1   | XOM: confuse monster(s)
 10166 | Lair:1   | Killed a death yak
 10169 | Lair:1   | Reached skill level 6 in Poison Magic
 10246 | Lair:1   | XOM: cast spell 'Summon Horrible Things'
 10287 | Lair:1   | XOM: divination: detect creatures
 10516 | Lair:1   | XOM: god gift: long sword {god gift}
 10736 | Lair:1   | XOM: give mutation
 10736 | Lair:1   | Gained mutation: You have hoof-like feet. [Xom's grace]
 10793 | Lair:2   | Reached skill level 7 in Poison Magic
 10797 | Lair:2   | XOM: god gift: 22 gold pieces
 10873 | Lair:2   | XOM: chaos cloud
 10875 | Lair:2   | Reached skill level 6 in Fighting
 10929 | Lair:2   | Found a staircase to the Snake Pit.
 10975 | Lair:2   | Noticed an eight-headed hydra
 10975 | Lair:2   | XOM: stat loss: -1 Str (19/20)
 10981 | Lair:2   | Banished an 11-headed hydra
 11055 | Lair:2   | Gained mutation: You are completely covered in rugged brown
                  | scales. (AC +3, +7% HP) [demonic ancestry]
 11055 | Lair:2   | Reached XP level 13. HP: 93/101 MP: 13/13
 11105 | Lair:2   | Found a staircase to the Swamp.
 11281 | Lair:2   | XOM: summons friendly quasit
 11284 | Lair:2   | Reached skill level 7 in Fighting
 11284 | Lair:2   | Reached skill level 8 in Poison Magic
 11295 | Lair:2   | XOM: snakes to sticks
 11516 | Lair:2   | XOM: 6-stop teleportation journey
 11655 | Lair:2   | XOM: polymorph cane toad -> hornet
 11796 | Lair:2   | XOM: noise
 11877 | Lair:3   | XOM: scenery: create altars
 11891 | Lair:3   | XOM: swap monsters
 11898 | Lair:3   | XOM: summons friendly iron imp
 11908 | Lair:3   | XOM: potion effect (magic)
 11909 | Lair:3   | XOM: divination: magic mapping
 11910 | Lair:3   | Reached skill level 1 in Spellcasting
 11918 | Lair:3   | XOM: divine lightning
 11920 | Lair:3   | Reached skill level 8 in Fighting
 11939 | Lair:3   | XOM: summons friendly ufetubus
 11942 | Lair:3   | Reached skill level 2 in Spellcasting
 11995 | Lair:3   | XOM: cleaving
 12054 | Lair:3   | Reached skill level 3 in Spellcasting
 12055 | Lair:3   | XOM: scenery: 1 doors open
 12209 | Lair:3   | XOM: god gift: staff of poison
 12237 | Lair:3   | XOM: cast spell 'Chain of Chaos'
 12243 | Lair:3   | XOM: 1-stop teleportation journey
 12250 | Lair:3   | XOM: cleaving
 12502 | Lair:3   | Reached skill level 9 in Fighting
 12522 | Lair:3   | XOM: divination: detect creatures
 12545 | Lair:3   | Reached skill level 4 in Spellcasting
 12597 | Lair:3   | XOM: blink monster(s)
 12609 | Lair:3   | XOM: polymorph death yak -> catoblepas
 12610 | Lair:3   | Reached skill level 5 in Spellcasting
 12616 | Lair:3   | XOM: divine lightning
 12819 | Lair:3   | XOM: cloud trail
 12863 | Lair:3   | Identified a potion of resistance
 12890 | Lair:4   | XOM: summons 10 friendly demons
 12935 | Lair:4   | XOM: enchant monster (good)
 12952 | Lair:4   | Reached skill level 10 in Fighting
 12955 | Lair:4   | Reached skill level 12 in Dodging
 12955 | Lair:4   | XOM: fog
 13248 | Lair:4   | XOM: swap monsters
 13278 | Lair:4   | Gained mutation: Spells you cast and wands you use may
                  | paralyse nearby enemies. [demonic ancestry]
 13278 | Lair:4   | Reached XP level 14. HP: 118/118 MP: 21/21
 13307 | Lair:4   | XOM: 4-stop teleportation journey
 13380 | Lair:4   | Got Tauxzec's Folio of Arcane Combat
 13549 | Lair:4   | Learned a level 3 spell: Tukima's Dance
 13657 | Lair:4   | Found a shimmering blue altar of Sif Muna.
 13915 | Lair:5   | Entered Level 5 of the Lair of Beasts
 13937 | Lair:5   | Reached skill level 1 in Hexes
 13943 | Lair:5   | XOM: potion effect (attraction)
 13957 | Lair:5   | Reached skill level 2 in Hexes
 14029 | Lair:5   | Reached skill level 3 in Hexes
 14098 | Lair:5   | Reached skill level 11 in Fighting
 14110 | Lair:5   | XOM: scenery: create altars
 14190 | Lair:5   | XOM: enchant monster (bad)
 14192 | Lair:5   | XOM: confuse monster(s)
 14193 | Lair:5   | XOM: fake destruction
 14219 | Lair:5   | Reached skill level 4 in Hexes
 14279 | Lair:5   | XOM: cast spell 'Summon Small Mammal'
 14355 | Lair:5   | Reached skill level 5 in Hexes
 14467 | Lair:5   | XOM: summons 3 friendly demons
 14472 | Lair:5   | XOM: give mutations
 14472 | Lair:5   | Lost mutation: Your system is resistant to poisons. (rPois)
                  | [Xom's mischief]
 14472 | Lair:5   | Gained mutation: Armour fits poorly on your strangely
                  | shaped body. [Xom's mischief]
 14472 | Lair:5   | Lost mutation: Your flesh is very heat resistant. (rF++)
                  | [Xom's mischief]
 14472 | Lair:5   | Lost mutation: You are strong-willed. (Will+) [Xom's
                  | mischief]
 14581 | Lair:5   | XOM: noise
 14586 | Lair:5   | Reached skill level 12 in Fighting
 14668 | Lair:5   | Reached skill level 6 in Hexes
 14679 | Lair:5   | XOM: give mutations
 14679 | Lair:5   | Gained mutation: You are clumsy. (Dex -2) [Xom's mischief]
 14679 | Lair:5   | Lost mutation: You are clumsy. (Dex -2) [Xom's mischief]
 14783 | Lair:5   | XOM: blink monster(s)
 14960 | Lair:5   | XOM: summons 8 hostile demons
 15259 | D:11     | XOM: destruction
 15272 | D:10     | Reached skill level 7 in Hexes
 15305 | D:11     | Noticed Snorg
 15311 | D:11     | Killed Snorg
 15321 | D:11     | XOM: enchant monster (good)
 15381 | D:11     | Gained mutation: You occasionally shout uncontrollably at
                  | your foes. [a neqoxec]
 15410 | D:11     | Gained mutation: Your magical capacity is low. (-10% MP) [a
                  | neqoxec]
 15480 | D:11     | Lost mutation: Armour fits poorly on your strangely shaped
                  | body. [potion of mutation]
 15480 | D:11     | Lost mutation: You occasionally shout uncontrollably at
                  | your foes. [potion of mutation]
 15480 | D:11     | Lost mutation: Your magical capacity is low. (-10% MP)
                  | [potion of mutation]
 15480 | D:11     | Gained mutation: You occasionally lose the ability to read
                  | scrolls when taking damage. [potion of mutation]
 15480 | D:11     | Lost mutation: Your flesh is heat resistant. (rF+) [potion
                  | of mutation]
 15480 | D:11     | Gained mutation: Your muscles are strong. (Str +4, Int/Dex
                  | -1) [potion of mutation]
 15540 | D:11     | Reached skill level 13 in Fighting
 15599 | D:11     | Found an iron altar of Okawaru.
 15607 | D:11     | Noticed Josephine
 15615 | D:11     | Banished Josephine
 15616 | D:11     | Reached skill level 8 in Hexes
 15619 | D:11     | Reached XP level 15. HP: 105/125 MP: 22/22
 15671 | D:11     | Found a staircase to the Orcish Mines.
 15823 | D:11     | XOM: potion effect (brilliance)
 15825 | D:11     | XOM: confuse monster(s)
 15962 | Orc:1    | Entered Level 1 of the Orcish Mines
 16034 | Orc:1    | XOM: summons friendly shadow imp
 16134 | Orc:1    | Found Rudatt's Magic Scroll Shop.
 16140 | Orc:1    | Bought a scroll of blinking for 127 gold pieces
 16140 | Orc:1    | Bought a scroll of teleportation for 51 gold pieces
 16140 | Orc:1    | Bought a scroll of teleportation for 51 gold pieces
 16140 | Orc:1    | Bought a scroll of teleportation for 51 gold pieces
 16211 | Orc:1    | XOM: summons 2 friendly demons
 16226 | Orc:1    | XOM: enchant monster (bad)
 16229 | Orc:1    | Paralysed by an orc sorcerer for 2 turns
 16368 | Orc:1    | Reached skill level 9 in Hexes
 16604 | Orc:1    | XOM: god gift: 20 gold pieces
 16781 | Orc:2    | Entered Level 2 of the Orcish Mines
 16860 | Orc:2    | XOM: fog
 16898 | Orc:2    | Found Cuepnoal's Armour Emporium.
 16924 | Orc:2    | Found Syxahul's Book Shop.
 16935 | Orc:2    | XOM: enchant monster (good)
 16948 | Orc:2    | Bought Great Wizards, Vol. II for 646 gold pieces
 16954 | Orc:2    | Learned a level 5 spell: Alistair's Intoxication
 17057 | Orc:2    | Reached skill level 1 in Transmutations
 17109 | Orc:2    | XOM: 5-stop teleportation journey
 17121 | Orc:2    | Reached skill level 14 in Fighting
 17225 | Orc:2    | Found Gaimm's Armour Shop.
 17247 | Orc:2    | Found Qilaunia's Magic Scroll Emporium.
 17256 | Orc:2    | Reached skill level 2 in Transmutations
 17343 | Orc:2    | Found a staircase to the Elven Halls.
 17632 | Orc:2    | XOM: give mutations
 17632 | Orc:2    | Gained mutation: You are robust. (+10% HP) [Xom's mischief]
 17632 | Orc:2    | Gained mutation: You have a somewhat thin skeletal
                  | structure. (Dex +2, Stealth+) [Xom's mischief]
 17668 | Orc:2    | Noticed Jorgrun
 17684 | Orc:2    | Killed Jorgrun
 17727 | Orc:2    | XOM: silly message
 17806 | Orc:2    | Bought a scroll of acquirement for 884 gold pieces
 17806 | Orc:2    | Acquired 899 gold pieces
 17808 | Orc:2    | Bought a scroll of acquirement for 884 gold pieces
 17808 | Orc:2    | Acquired the +1 pair of gloves "Hatoxt" {rC+ rCorr Str+4}
 17821 | Orc:2    | Bought a scroll of enchant armour for 127 gold pieces
 18021 | D:12     | Reached skill level 3 in Transmutations
 18162 | D:12     | XOM: polymorph orc warrior -> ogre
 18462 | D:12     | XOM: 2-stop teleportation journey
 18834 | D:13     | XOM: 3-stop teleportation journey
 19049 | D:13     | XOM: give mutations
 19049 | D:13     | Gained mutation: You occasionally shout uncontrollably at
                  | your foes. [Xom's mischief]
 19049 | D:13     | Lost mutation: You are robust. (+10% HP) [Xom's mischief]
 19049 | D:13     | Lost mutation: Your muscles are strong. (Str +4, Int/Dex
                  | -1) [Xom's mischief]
 19152 | D:13     | XOM is BORED!
 19182 | D:13     | XOM: confusion
 19301 | D:13     | Found a gate to the Vaults.
 19309 | D:13     | XOM: confusion (+ monsters)
 19314 | D:13     | Reached skill level 4 in Transmutations
 19653 | D:13     | You fall into a shaft and drop 1 floor!
 19664 | D:14     | Noticed Kirke
 19674 | D:14     | XOM: blink monster(s)
 19680 | D:14     | Killed Kirke
 19681 | D:14     | Reached skill level 5 in Transmutations
 19919 | D:14     | XOM: polymorph centaur warrior -> elephant
 19955 | D:14     | Found a broken altar of Ashenzari.
 20031 | D:14     | Reached skill level 15 in Fighting
 20065 | D:14     | XOM: fake destruction
 20350 | D:14     | XOM: stat loss: -1 Dex (15/16)
 20514 | D:15     | Entered Level 15 of the Dungeon
 20553 | D:15     | Found a frozen archway.
 20555 | D:15     | XOM: noise
 20582 | IceCv    | Entered an ice cave
 20736 | IceCv    | Reached skill level 6 in Transmutations
 20770 | IceCv    | XOM: cloud trail
 20778 | IceCv    | Gained mutation: You punish those that try to bend your
                  | will. (Will+) [demonic ancestry]
 20778 | IceCv    | Reached XP level 16. HP: 143/145 MP: 21/23
 20835 | IceCv    | HP: 8/145 [dire elephant simulacrum (16)]
 20846 | IceCv    | HP: 13/145 [reaper/+0 scythe of freezing (20)]
 20934 | IceCv    | XOM: silly message
 21301 | IceCv    | Identified a scarf of resistance
 21349 | IceCv    | XOM: blink monster(s)
 21373 | IceCv    | XOM: enchant monster (good)
 21426 | IceCv    | XOM: 1-stop teleportation journey
 21586 | IceCv    | XOM: give mutations
 21586 | IceCv    | Gained mutation: You have hooves in place of feet. [Xom's
                  | grace]
 21586 | IceCv    | Gained mutation: You are agile. (Dex +4, Str/Int -1) [Xom's
                  | grace]
 21586 | IceCv    | Gained mutation: Your flesh is cold resistant. (rC+) [Xom's
                  | grace]
 21674 | D:15     | XOM is BORED!
 21674 | D:15     | XOM: polymorph orc warrior -> acid dragon
 21683 | D:15     | XOM: divine lightning
 21802 | D:15     | XOM: enchant monster (good)
 21808 | D:15     | XOM: fog
 21850 | D:15     | Noticed Rupert
 21857 | D:15     | Banished Rupert
 21858 | D:15     | Reached skill level 7 in Transmutations
 21970 | D:15     | XOM: 3-stop teleportation journey
 22125 | D:15     | XOM: silly message
 22249 | D:15     | XOM: swap monsters
 22253 | D:15     | XOM: confusion (+ monsters)
 22320 | D:15     | Reached skill level 16 in Fighting
 22483 | D:15     | XOM: confuse monster(s)
 22566 | D:15     | Found a staircase to the Depths.
 22584 | D:15     | Reached skill level 8 in Transmutations
 22848 | D:13     | XOM: noise
 22976 | Swamp:1  | Entered Level 1 of the Swamp
 23215 | Swamp:1  | Got Duddeag's Performing Successful Witchery
 23262 | Swamp:1  | XOM: enchant monster (bad)
 23493 | Swamp:1  | XOM: give mutations
 23493 | Swamp:1  | Lost mutation: You occasionally shout uncontrollably at
                  | your foes. [Xom's mischief]
 23493 | Swamp:1  | Lost mutation: Your flesh is cold resistant. (rC+) [Xom's
                  | mischief]
 23505 | Swamp:1  | XOM: swap monsters
 23696 | Swamp:1  | XOM: silly message
 23746 | Swamp:2  | XOM: silly message
 23756 | Swamp:2  | Reached skill level 2 in Armour
 23776 | Swamp:2  | XOM is BORED!
 23776 | Swamp:2  | XOM: silly message
 23915 | Swamp:2  | XOM: silly message
 23973 | Swamp:2  | Reached skill level 3 in Armour
 24370 | Swamp:2  | XOM: noise
 24550 | Swamp:3  | Noticed a thorn hunter
 24553 | Swamp:3  | a thorn hunter changed into a shambling mangrove
 24553 | Swamp:3  | XOM: polymorph thorn hunter -> shambling mangrove
 24628 | Swamp:3  | Reached skill level 4 in Armour
 24633 | Swamp:3  | XOM: 4-stop teleportation journey
 24734 | Swamp:3  | XOM: scenery: create altars
 24743 | Swamp:3  | Reached skill level 17 in Fighting
 24768 | Swamp:3  | a shambling mangrove changed into a thorn hunter
 24768 | Swamp:3  | Noticed a thorn hunter
 24768 | Swamp:3  | XOM: polymorph shambling mangrove -> thorn hunter
 24769 | Swamp:3  | Killed a thorn hunter
 24770 | Swamp:3  | Reached skill level 5 in Armour
 25041 | Swamp:3  | XOM is BORED!
 25041 | Swamp:3  | XOM: draining
 25139 | Swamp:4  | Entered Level 4 of the Swamp
 25323 | Swamp:4  | XOM: divine lightning
 25369 | Swamp:4  | XOM: cleaving
 25372 | Swamp:4  | XOM: cleaving
 25385 | Swamp:4  | Reached XP level 17. HP: 90/146 MP: 16/24
 25412 | Swamp:4  | XOM: divination: magic mapping
 25425 | Swamp:4  | HP: 14/147 [constriction (12)]
 25602 | Swamp:4  | Reached skill level 6 in Armour
 25734 | Swamp:4  | XOM: noise
 25736 | Swamp:4  | XOM: potion effect (brilliance)
 25800 | Swamp:4  | XOM: cast spell 'Summon Small Mammal'
 25924 | Swamp:4  | Got a decaying rune of Zot
 26126 | Swamp:4  | Reached skill level 7 in Armour
 26130 | Swamp:4  | XOM: give mutation
 26130 | Swamp:4  | Lost mutation: You have a somewhat thin skeletal structure.
                  | (Dex +2, Stealth+) [Xom's mischief]
 26414 | Vaults:1 | Entered Level 1 of the Vaults
 26444 | Vaults:1 | XOM: destruction
 26507 | Vaults:1 | Found a magical portal.
 26516 | WizLab   | Entered The Chambers of the Cloud Mage
 26532 | WizLab   | Reached skill level 18 in Fighting
 26588 | WizLab   | XOM: cast spell 'Summon Horrible Things'
 26590 | WizLab   | XOM: 1-stop teleportation journey
 26594 | WizLab   | Paralysed by an air elemental for 1 turns
 26669 | WizLab   | Paralysed by an air elemental for 1 turns
 26703 | WizLab   | Paralysed by an air elemental for 1 turns
 26707 | WizLab   | XOM: fog
 26707 | WizLab   | Paralysed by an air elemental for 1 turns
 26712 | WizLab   | Noticed Axinkaod
 26717 | WizLab   | Paralysed by an air elemental for 1 turns
 26723 | WizLab   | Paralysed by an air elemental for 1 turns
 26734 | WizLab   | Killed Axinkaod the Cloud Mage
 26756 | WizLab   | Reached skill level 8 in Armour
 26759 | WizLab   | XOM: polymorph apocalypse crab -> efreet
 26780 | WizLab   | Found the +5 glaive of the Guard {elec, spectral, AC+5}
 26783 | WizLab   | XOM: summons 12 friendly demons
 26794 | WizLab   | Got Ymogy's Atlas of the Brume
 26795 | WizLab   | Identified the ring "Elleth" {rElec rCorr Int+6}
 26892 | WizLab   | XOM: give mutations
 26892 | WizLab   | Gained mutation: Your body sometimes deteriorates upon
                  | taking damage. [Xom's mischief]
 26892 | WizLab   | Lost mutation: Your body sometimes deteriorates upon taking
                  | damage. [Xom's mischief]
 26892 | WizLab   | Gained mutation: Armour fits poorly on your strangely
                  | shaped body. [Xom's mischief]
 26965 | WizLab   | XOM: confusion (+ monsters)
 26968 | WizLab   | XOM: destruction
 26979 | WizLab   | Paralysed by an air elemental for 1 turns
 27045 | WizLab   | Reached skill level 4 in Polearms
 27069 | WizLab   | XOM: cast spell 'Summon Dragon'
 27259 | WizLab   | XOM: smoke on damage
 27284 | WizLab   | XOM: 1-stop teleportation journey
 27290 | WizLab   | Paralysed by an air elemental for 1 turns
 27296 | Vaults:1 | XOM: summons 5 friendly demons
 27381 | Vaults:1 | Reached skill level 5 in Polearms
 27467 | Vaults:1 | XOM: god gift: amulet of faith
 27543 | Vaults:1 | Lost mutation: Armour fits poorly on your strangely shaped
                  | body. [potion of mutation]
 27543 | Vaults:1 | Lost mutation: You occasionally lose the ability to read
                  | scrolls when taking damage. [potion of mutation]
 27543 | Vaults:1 | Lost mutation: You are agile. (Dex +4, Str/Int -1) [potion
                  | of mutation]
 27543 | Vaults:1 | Gained mutation: You have hidden genetic defects. [potion
                  | of mutation]
 27543 | Vaults:1 | Lost mutation: You have hooves in place of feet. [potion of
                  | mutation]
 27562 | Vaults:1 | XOM: divination: detect creatures
 27563 | Vaults:1 | XOM: summons 3 friendly demons
 27567 | Vaults:1 | XOM: scenery: create altars
 27570 | Vaults:1 | XOM: 3-stop teleportation journey
 27651 | Vaults:1 | Reached skill level 6 in Polearms
 27863 | Vaults:1 | Reached skill level 7 in Polearms
 27972 | Vaults:1 | XOM: summons friendly iron imp
 27977 | Vaults:1 | XOM: cast spell 'Summon Small Mammal'
 28122 | Vaults:1 | Gained mutation: You are clumsy. (Dex -2) [hidden defects]
 28156 | Vaults:1 | XOM: summons 4 friendly demons
 28160 | Vaults:1 | XOM: confuse monster(s)
 28162 | Vaults:1 | Reached skill level 8 in Polearms
 28162 | Vaults:1 | XOM: polymorph crimson imp -> lemure
 28165 | Vaults:1 | Paralysed by a formless jellyfish for 1 turns
 28205 | Vaults:1 | XOM: smoke on damage
 28209 | Vaults:1 | XOM: god gift: 2 boomerangs
 28211 | Vaults:1 | Gained mutation: When low on magic, you restore magic in
                  | place of health. [demonic ancestry]
 28211 | Vaults:1 | Reached XP level 18. HP: 30/167 MP: 2/25
 28635 | Vaults:1 | Reached skill level 9 in Polearms
 28683 | Vaults:1 | XOM: noise
 28689 | Vaults:1 | XOM: divination: detect items
 28709 | Vaults:1 | XOM: scenery: 1 doors close
 28712 | Vaults:1 | XOM: confuse monster(s)
 28742 | Vaults:1 | XOM: summons friendly crimson imp
 28924 | Vaults:1 | Gained mutation: You sometimes lose your temper in combat.
                  | [hidden defects]
 28924 | Vaults:1 | Lost mutation: You have hidden genetic defects. [hidden
                  | defects expressed]
 29051 | Vaults:1 | XOM: enchant monster (good)
 29286 | Vaults:2 | Noticed a curse skull
 29291 | Vaults:2 | XOM: enchant monster (good)
 29293 | Vaults:2 | Killed a curse skull
 29294 | Vaults:2 | Reached skill level 10 in Polearms
 29358 | Vaults:2 | XOM: summons friendly shadow imp
 29489 | Vaults:2 | Found a staircase to the Crypt.
 29540 | Vaults:2 | XOM: enchant monster (good)
 29660 | Vaults:2 | Found a portal to a secret trove of treasure.
 29868 | Vaults:2 | XOM: chaos cloud
 29874 | Vaults:2 | XOM: chaos upgrade
 29876 | Vaults:2 | Reached skill level 11 in Polearms
 29884 | Vaults:2 | XOM: noise
 29885 | Vaults:2 | XOM: divination: detect creatures
 30066 | Vaults:2 | XOM: divination: magic mapping
 30072 | Vaults:2 | XOM: 5-stop teleportation journey
 30580 | Vaults:3 | XOM: noise
 30597 | Vaults:3 | Reached skill level 12 in Polearms
 30818 | Vaults:3 | XOM: 2-stop teleportation journey
 30839 | Vaults:3 | XOM: blink monster(s)
 30963 | Vaults:3 | XOM: 1-stop teleportation journey
 30976 | Vaults:3 | Reached skill level 13 in Polearms
 31089 | Vaults:3 | XOM: smoke on damage
 31101 | Vaults:3 | XOM: potion effect (invisibility)
 31196 | Vaults:3 | XOM: 4-stop teleportation journey
 31428 | Vaults:3 | XOM: 7-stop teleportation journey
 31819 | Vaults:4 | Found Byustel's Antique Weapon Shop.
 31819 | Vaults:4 | XOM: 4-stop teleportation journey
 31995 | Vaults:4 | Reached skill level 14 in Polearms
 32077 | Vaults:4 | XOM: divination: detect creatures
 32084 | Vaults:4 | Reached XP level 19. HP: 167/174 MP: 17/26
 32110 | Vaults:4 | Found Wiozamm's Distillery.
 32152 | Vaults:4 | Bought a potion of mutation for 136 gold pieces
 32152 | Vaults:4 | Bought a potion of mutation for 136 gold pieces
 32152 | Vaults:4 | Bought 2 potions of curing for 102 gold pieces
 32152 | Vaults:4 | Bought a potion of curing for 51 gold pieces
 32152 | Vaults:4 | Lost mutation: You have hoof-like feet. [potion of
                  | mutation]
 32152 | Vaults:4 | Lost mutation: You have large cloven feet. [potion of
                  | mutation]
 32152 | Vaults:4 | Lost mutation: You are clumsy. (Dex -2) [potion of
                  | mutation]
 32152 | Vaults:4 | Gained mutation: You occasionally lose the ability to read
                  | scrolls when taking damage. [potion of mutation]
 32152 | Vaults:4 | Gained mutation: You are dopey. (Int -2) [potion of
                  | mutation]
 32152 | Vaults:4 | Gained mutation: You have large cloven feet. [potion of
                  | mutation]
 32153 | Vaults:4 | Lost mutation: You occasionally lose the ability to read
                  | scrolls when taking damage. [potion of mutation]
 32153 | Vaults:4 | Lost mutation: You are dopey. (Int -2) [potion of mutation]
 32153 | Vaults:4 | Gained mutation: You occasionally lose the ability to drink
                  | potions when taking damage. [potion of mutation]
 32153 | Vaults:4 | Gained mutation: You sometimes lose the ability to drink
                  | potions when taking damage. [potion of mutation]
 32203 | Vaults:4 | XOM: silly message
 32608 | D:10     | XOM: silly message
 32712 | Lair:4   | Found a staircase to the Slime Pits.
 32717 | Lair:4   | XOM: confuse monster(s)
 32738 | Slime:1  | Entered Level 1 of the Pits of Slime
 32747 | Lair:4   | XOM: divination: detect items
 33120 | Slime:2  | Reached skill level 15 in Polearms
 33430 | Slime:2  | Paralysed by a formless jellyfish for 1 turns
 33433 | Slime:2  | >>dead
 33433 | Slime:2  | HP: 16/174 [constriction (5)]
 33433 | Slime:2  | Mangled by a large slime creature

Vanquished Creatures
  A Cloud Mage (WizLab)
  Jorgrun (Orc:2)
  3 sphinxes
  2 acid blobs (Slime:1)
  Kirke (D:14)
  A thorn hunter (Swamp:3)
  A frost giant (Vaults:3)
  2 rockslimes (Slime:1)
  A fire giant (Vaults:4)
  6 vault wardens
  An azure jelly (Slime:2)
  An orc warlord (Vaults:1)
  A curse skull (Vaults:2)
  8 ironbound preservers
  2 reapers (IceCv)
  3 quicksilver oozes
  2 ironbound thunderhulks
  5 eleionomae
  A dire elephant (Vaults:1)
  5 bunyips
  4 spark wasps (WizLab)
  Snorg (D:11)
  3 blizzard demons
  2 shambling mangroves (Swamp:4)
  An entropy weaver (Vaults:2)
  11 vault guards
  5 yaktaur captains
  An ogre mage (D:15)
  A spriggan air mage (WizLab)
  6 great orbs of eyes
  3 catoblepae
  27 centaur warriors
  5 ironbound frosthearts
  5 ghost crabs
  16 hydras
  5 alligators
  Erica (Lair:1)
  2 boulder beetles
  9 two-headed ogres
  8 death yaks
  A titan zombie (D:15)
  2 orc high priests
  A vampire mage (Swamp:2)
  A shock serpent (WizLab)
  A fire crab (Lair:5)
  A soul eater (D:10)
  A sixfirhy (D:11)
  Amaemon (Lair:1)
  A skyshark (Lair:3)
  A glowing orange brain (Vaults:2)
  6 goliath frogs
  2 spriggan druids (Swamp:4)
  A spriggan simulacrum (IceCv)
  A death drake (Vaults:1)
  18 deep trolls
  10 swamp dragons
  4 bog bodies
  16 lindwurms
  3 harpies (Vaults:3)
  5 wizards
  8 ironbound convokers
  7 orc knights
  3 necromancers
  3 deep elf pyromancers
  10 orc sorcerers
  9 ugly things
  4 manticores
  3 oklob plants (Lair:4)
  2 cyclopes
  A human skeleton (Vaults:1)
  Maurice (D:8)
  7 black mambas
  13 vault sentinels
  3 orange demons
  20 elephants
  2 rust devils (D:11)
  2 smoke demons (D:11)
  Maggie (D:7)
  10 komodo dragons
  14 cane toads
  3 apocalypse crabs (WizLab)
  2 rime drakes
  An efreet (D:14)
  3 ice devils (IceCv)
  An anaconda simulacrum (IceCv)
  9 freezing wraiths
  15 yaktaurs
  A guardian mummy (D:15)
  2 red devils (D:11)
  5 trolls
  A queen bee (D:10)
  A polar bear (Vaults:4)
  An alligator simulacrum (IceCv)
  A shadow dragon simulacrum (Vaults:1)
  6 hornets
  2 blink frogs (Lair:1)
  12 dream sheep
  A dream sheep (shapeshifter) (D:15)
  9 tyrant leeches
  31 slime creatures
  A flying skull (Vaults:2)
  A water elemental (D:11)
  A spriggan (Swamp:2)
  A vampire (D:11)
  2 ynoxinuls
  4 shadows
  4 wyverns
  2 dire elephant simulacra (IceCv)
  7 air elementals
  4 basilisks
  7 wraiths
  7 golden eyes
  4 hogs (D:14)
  52 yaks
  An unseen horror simulacrum (D:9)
  Grum (D:8)
  2 chaos spawn (D:11)
  2 humans (D:14)
  3 redbacks (Vaults:2)
  A neqoxec (D:11)
  14 vampire mosquitoes
  7 minotaur simulacra (IceCv)
  6 swamp worms
  6 wargs
  An acid dragon (D:9)
  24 water moccasins
  A hydra simulacrum (IceCv)
  8 swamp drakes
  A black bear (D:4)
  34 orc warriors
  3 ice beasts
  10 ogres
  2 sky beasts (D:7)
  An ettin simulacrum (IceCv)
  6 centaurs
  19 wolves
  A phantom (D:4)
  4 kobold brigands
  11 bullfrogs
  A gnoll sergeant (D:6)
  A scorpion (D:7)
  2 deep troll simulacra (IceCv)
  2 wyvern zombies (Ossuary)
  11 wights
  A water moccasin zombie (Ossuary)
  16 killer bees
  A lindwurm simulacrum (IceCv)
  An electric eel (D:11)
  2 howler monkeys
  A centaur zombie (Ossuary)
  3 bullfrog zombies (Ossuary)
  3 hounds
  6 quasits
  9 jellies (D:6)
  27 orc priests
  A sleepcap (D:7)
  42 orc wizards
  4 iguanas
  16 mummies (Ossuary)
  11 hell rats (Lair:1)
  3 killer bee zombies (Ossuary)
  A centaur simulacrum (D:9)
  Robin (D:3)
  14 gnolls
  12 river rats (Lair:1)
  8 adders
  5 white imps
  An ufetubus (D:6)
  A worm (D:4)
  3 dart slugs
  94 orcs
  9 bats
  18 endoplasms
  2 giant cockroaches
  20 goblins
  7 hobgoblins
  3 jackals
  11 quokkas
  9 ball pythons
  5 frilled lizards
  23 kobolds
  15 rats
1163 creatures vanquished.

Vanquished Creatures (collateral kills)
  A formless jellyfish (Vaults:1)
  A spark wasp (WizLab)
  A wind drake (WizLab)
  An air elemental (WizLab)
  A warg (Orc:1)
  An orc warrior (Orc:1)
  A bullfrog (Lair:4)
  A wight (D:8)
  A killer bee (D:10)
  An orc priest (D:3)
  A mummy (D:8)
  2 river rats (Lair:1)
  4 orcs
  An endoplasm (D:3)
  3 jackals (D:3)
  A quokka (Lair:1)
  A bat (D:3)
  A kobold (D:3)
  A rat (Lair:1)
25 creatures vanquished.

Vanquished Creatures (others)
  A spriggan air mage (WizLab)
  A shock serpent (WizLab)
  A bog body (Swamp:4)
  An orc knight (D:15)
  An apocalypse crab (WizLab)
  An efreet (WizLab)
  4 bloated husks
  A hornet (D:7)
  An air elemental (WizLab)
  A yak (Lair:3)
  A human (D:14)
  A vampire mosquito (D:9)
  An acid dragon (D:15)
  An orc warrior (D:15)
  A boggart (Vaults:1)
  A killer bee (D:10)
  An electric eel (D:9)
  A jelly (D:6)
  2 orc wizards
  A hell rat (Lair:1)
  An orc (D:7)
  2 foxfires (Swamp:3)
  12 spectral weapons
39 creatures vanquished.

Grand Total: 1227 creatures vanquished

Table legend: (Time is in decaauts)
 A = Elapsed time spent in this place.
 B = Non-inter-level travel time spent in this place.
 C = Inter-level travel time spent in this place.
 D = Time resting spent in this place.
 E = Time spent auto-exploring this place.
 F = Levels seen in this place.
 G = Mean time per level.
                   A        B        C        D        E       F      G
               +--------+--------+--------+--------+--------+-----+--------+
         Total |  32908 |  30548 |   2360 |   3476 |  19917 |  35 |  940.2 |
       Dungeon |  13801 |  12471 |   1330 |    675 |   9281 |  15 |  920.1 |
          Lair |   5716 |   5350 |    366 |    237 |   3890 |   5 | 1143.2 |
         Swamp |   3401 |   3226 |    175 |    583 |   1878 |   4 |  850.2 |
    Slime Pits |    691 |    680 |     11 |    175 |    196 |   2 |  345.5 |
  Orcish Mines |   1904 |   1784 |    120 |     47 |   1310 |   2 |  952.0 |
        Vaults |   5351 |   4996 |    355 |    951 |   2958 |   4 | 1337.8 |
       Ossuary |    263 |    263 |      0 |      0 |    121 |   1 |  263.0 |
      Ice Cave |   1044 |   1044 |      0 |    484 |    204 |   1 | 1044.0 |
        Wizlab |    731 |    731 |      0 |    321 |     77 |   1 |  731.0 |
               +--------+--------+--------+--------+--------+-----+--------+

Top non-repeatable levels by time:
Vaults:1: 2032 daAuts
Vaults:2: 1564 daAuts
  Lair:1: 1292 daAuts
    D:15: 1202 daAuts
Vaults:3: 1165 daAuts
  Lair:4: 1146 daAuts
  Lair:5: 1140 daAuts
  Lair:2: 1122 daAuts
     D:7: 1110 daAuts
     D:2: 1094 daAuts
     D:6: 1057 daAuts
   Orc:2: 1057 daAuts
 Swamp:4: 1052 daAuts
   IceCv: 1044 daAuts
    D:10: 1044 daAuts

Table legend:
 A = Non-vault XP
 B = Vault XP
 C = Vault XP percentage of total XP
 D = Non-vault monster count
 E = Vault monster count
 F = Vault count percentage of total count
                 A         B        C        D         E       F
            +---------+---------+-------+---------+---------+-------
      Total |  237339 |  165987 |  41.2 |     745 |     562 |  43.0
            +---------+---------+-------+---------+---------+-------
        D:1 |      35 |       0 |   0.0 |      23 |       0 |   0.0
        D:2 |     110 |      10 |   8.3 |      29 |       4 |  12.1
        D:3 |     112 |      29 |  20.6 |      26 |       8 |  23.5
        D:4 |     347 |       0 |   0.0 |      17 |       0 |   0.0
        D:5 |     357 |      10 |   2.7 |      15 |       1 |   6.2
        D:6 |    1366 |     786 |  36.5 |      37 |      27 |  42.2
        D:7 |     717 |    1692 |  70.2 |       9 |      11 |  55.0
        D:8 |    1530 |    1658 |  52.0 |      12 |       8 |  40.0
        D:9 |    2558 |     939 |  26.9 |      37 |      10 |  21.3
       D:10 |    3343 |    5257 |  61.1 |      13 |      29 |  69.0
       D:11 |    4398 |    8343 |  65.5 |      11 |      55 |  83.3
       D:12 |    2902 |       0 |   0.0 |      13 |       0 |   0.0
       D:13 |    2694 |    6977 |  72.1 |       6 |       8 |  57.1
       D:14 |    5328 |    2303 |  30.2 |      12 |       5 |  29.4
       D:15 |   11967 |    7826 |  39.5 |      30 |      11 |  26.8
     Lair:1 |    9125 |    3751 |  29.1 |      38 |      43 |  53.1
     Lair:2 |    6004 |    4078 |  40.4 |      20 |      13 |  39.4
     Lair:3 |   13331 |    1402 |   9.5 |      35 |       6 |  14.6
     Lair:4 |    8473 |    1581 |  15.7 |      29 |       3 |   9.4
     Lair:5 |   16417 |    9761 |  37.3 |      56 |      25 |  30.9
    Swamp:1 |    7721 |       0 |   0.0 |      20 |       0 |   0.0
    Swamp:2 |    8746 |    1384 |  13.7 |      14 |       3 |  17.6
    Swamp:3 |   14614 |       0 |   0.0 |      25 |       0 |   0.0
    Swamp:4 |    8433 |   15840 |  65.3 |      13 |      26 |  66.7
    Slime:1 |    8739 |    1372 |  13.6 |      14 |       6 |  30.0
    Slime:2 |    4307 |       0 |   0.0 |       7 |       0 |   0.0
      Orc:1 |    5356 |    5990 |  52.8 |      35 |      28 |  44.4
      Orc:2 |    4077 |    7250 |  64.0 |      32 |      64 |  66.7
   Vaults:1 |   27498 |   23768 |  46.4 |      38 |      35 |  47.9
   Vaults:2 |   18546 |    8330 |  31.0 |      30 |      17 |  36.2
   Vaults:3 |   25284 |   11402 |  31.1 |      33 |      14 |  29.8
   Vaults:4 |   12904 |    2864 |  18.2 |      16 |       5 |  23.8
    Ossuary |       0 |    1222 | 100.0 |       0 |      33 | 100.0
      IceCv |       0 |   10978 | 100.0 |       0 |      32 | 100.0
     WizLab |       0 |   19184 | 100.0 |       0 |      32 | 100.0
            +---------+---------+-------+---------+---------+-------
